 Dungeon Crawl Stone Soup version 0.27-a0-1500-g450c7e4133 (webtiles) character file.

Game seed: 10454969472328174544

1532 porpoise the Gusty (level 8, -23/44 HPs)
             Began as a Tengu Air Elementalist on July 8, 2021.
             Was a Follower of Hepliaklqana.
             Killed from afar by a deep elf pyromancer (42 damage)
             ... with a bolt of fire
             ... on level 7 of the Dungeon.
             The game lasted 00:42:29 (9481 turns).

porpoise the Gusty (Tengu Air Elementalist)         Turns: 9481, Time: 00:42:30

Health: -23/44     AC:  4    Str:  8    XL:     8   Next: 85%
Magic:  0/16       EV: 16    Int: 19    God:    Hepliaklqana [*.....]
Gold:   254        SH:  5    Dex: 14    Spells: 10/17 levels left

rFire    . . .     SeeInvis .   b - +1 hunting sling
rCold    . . .     Faith    .   (no shield)
rNeg     . . .     Spirit   .   e - +1 robe
rPois    .         Reflect  +   (helmet restricted)
rElec    .         Harm     .   v - +0 cloak {Will+}
rCorr    .         Rampage  .   (no gloves)
Will     +....                  (boots unavailable)
Stlth    ++........             q - amulet of reflection
HPRegen  0.14/turn              (no ring)
MPRegen  0.15/turn              (no ring)

@: flying quickly and evasively, quick
A: reduced essence, beak, talons 3, nimble flight
a: Renounce Religion, Recall Ancestor, Ancestor Identity


You were on level 7 of the Dungeon.
You worshipped Hepliaklqana.
Hepliaklqana was aware of your devotion.
You visited 1 branch of the dungeon, and saw 7 of its levels.
You also visited: Sewer.

You collected 364 gold pieces.
You spent 110 gold pieces at shops.

Inventory:

Hand Weapons
 a - a +0 rapier
 b - a +1 hunting sling (weapon)
Missiles
 c - 30 poisoned darts
 d - 129 stones
 f - 5 silver boomerangs
 j - 27 sling bullets (quivered ammo)
 n - 136 arrows
 w - a throwing net
 y - 49 bolts
 D - 6 boomerangs of dispersal
Armour
 e - a +1 robe (worn)
 v - a +0 cloak of willpower (worn)
Magical Staves
 H - a staff of poison
Jewellery
 q - an amulet of reflection (around neck)
 C - an amulet of faith
Wands
 p - a wand of iceblast (11)
 B - a wand of digging (6)
Scrolls
 i - a scroll of blinking {unknown}
 m - a scroll of summoning
 r - a scroll of magic mapping {unknown}
 s - 2 scrolls of amnesia
 t - 4 scrolls of teleportation
 u - a scroll of holy word {unknown}
 x - a scroll of fog {unknown}
 F - a scroll of enchant armour
 G - a scroll of enchant weapon
Potions
 g - a potion of berserk rage
 h - 4 potions of curing
 k - a potion of lignification
 l - a potion of attraction
 o - a potion of might
 z - a potion of brilliance
 A - a potion of ambrosia {unknown}
 E - a potion of invisibility {unknown}


   Skills:
 - Level 5.0 Fighting
 - Level 5.0 Dodging
 - Level 2.0 Stealth
 - Level 5.0 Spellcasting
 + Level 6.4 Conjurations
 - Level 7.0 Air Magic
 + Level 1.3 Evocations


You had 10 spell levels left.
You knew the following spells:

 Your Spells              Type           Power      Damage    Failure   Level
a - Shock                 Conj/Air       100%       1d9       1%          1
r - Airstrike             Air            15%        N/A       7%          4
s - Static Discharge      Conj/Air       30%        N/A       1%          2

Your spell library contained the following spells:

 Spells                   Type           Power      Damage    Failure   Level
 Swiftness                Air            31%        N/A       1%          3
 Poisonous Vapours        Pois/Air       36%        N/A       4%          2
 Mephitic Cloud           Conj/Pois/Air  21%        N/A       6%          3
 Stone Arrow              Conj/Erth      32%        3d9       10%         3
 Animate Skeleton         Necr           8%         N/A       12%         1
 Apportation              Tloc           8%         N/A       12%         1
 Beastly Appendage        Tmut           8%         N/A       12%         1
 Corona                   Hex            4%         N/A       12%         1
 Pain                     Necr           16%        1d4       12%         1
 Summon Small Mammal      Summ           16%        N/A       12%         1
 Wereblood                Tmut           4%         N/A       19%         2
 Sticky Flame             Conj/Fire      16%        2d4       32%         4
 Call Canine Familiar     Summ           4%         N/A       36%         3
 Gell's Gravitas          Tloc           2%         N/A       36%         3
 Lesser Beckoning         Tloc           2%         N/A       36%         3
 Spider Form              Tmut/Pois      2%         N/A       36%         3
 Summon Guardian Golem    Hex/Summ       4%         N/A       36%         3
 Teleport Other           Tloc           4%         N/A       36%         3
 Vampiric Draining        Necr           2%         2d6       36%         3
 Freezing Cloud           Conj/Ice/Air   10%        6-21      50%         5
 Dispel Undead            Necr           4%         3d7       77%         4
 Bolt of Magma            Conj/Fire/Erth 6%         4d6       82%         5
 Shatter                  Erth           2%         3d6*      100%        9


Dungeon Overview and Level Annotations

Branches:
Dungeon (7/15)             Temple (0/1) D:4           Sewer (visited)

Altars:
Hepliaklqana
Kikubaaqudgha
Okawaru

Shops:
D:4 ?


Innate Abilities, Weirdness & Mutations

Your life essence is reduced to manifest your ancestor. (-10% HP)
You have a beak for a mouth.
You have claws for feet.
Your magical nature lets you fly swiftly and evasively.


Message History

You kill the kobold!
The kobold is struck by an arc of lightning.
You kill the kobold!
The lightning grounds out.
Zayda avoids your attack.
You are covered in liquid flames!
Zayda closely misses the deep elf pyromancer.
The deep elf pyromancer misses you.
Casting: Static Discharge (safe; 1% risk of failure)
Confirm with . or Enter, or press ? or * to list all spells.
You don't have enough magic to cast this spell.
Casting: Static Discharge (safe; 1% risk of failure)
Confirm with . or Enter, or press ? or * to list all spells.
The deep elf pyromancer is struck by an arc of lightning!
The deep elf pyromancer is severely wounded.
You are struck by an arc of lightning.
The lightning grounds out.
Zayda avoids your attack.
You are covered in liquid flames!
Zayda barely misses the deep elf pyromancer.
The deep elf pyromancer barely misses you.
Casting: Static Discharge (safe; 1% risk of failure)
Confirm with . or Enter, or press ? or * to list all spells.
Aiming: Shock (safe; 1% risk of failure)
Press: ? - help, Shift-Dir - straight line The zap misses the deep elf pyromancer.
The zap hits the deep elf pyromancer.
The deep elf pyromancer is almost dead.
Zayda barely misses the deep elf pyromancer.
The deep elf pyromancer casts a spell.
The deep elf pyromancer blinks!
You are too injured to fight recklessly!
Fire: 28 sling bullets
Press: ? - help, Q - select action, (/) - cycle Shift-Dir - straight line, f - deep elf pyromancer
Aim: a deep elf pyromancer, wielding a +0 rapier and wearing a +0 leather armour (almost dead, ally target, 51% to hit)
You shoot a sling bullet.
The sling bullet barely misses the deep elf pyromancer.
The deep elf pyromancer gestures at you while chanting.
The bolt of fire hits Zayda!
Zayda resists.
The bolt of fire hits you!!!
Ouch! That really hurt!
You die...

.........##########.#............
..........#### #.##...........
#....###.....#### #.###..........
#....###.(......# #.# #..........
...#.........#### #.###..........
......###...e...###...#..........
.................................
##.#######...#.R.ยง.)...!.........
#.# ######.@))##.......#.... #.#
####(##..........## #.#
#..#............ #
########.............. ...
........>........#....
#..###########.((.........
#....R..................
#...#..########..>....##.#
...#...#..### #.......##.#


You could see the friendly Zayda the ancestor and a deep elf pyromancer (ally
target).

Vanquished Creatures
  A steam dragon (D:7)
  An orc warrior (D:5)
  A black bear (D:5)
  A necrophage (D:6)
  2 kobold brigands
  A gnoll sergeant (D:7)
  A bullfrog (Sewer)
  3 scorpions
  A centaur zombie (D:7)
  2 hounds
  A centaur skeleton (D:3)
  An orc priest (D:6)
  Crazy Yiuf (D:3)
  A bullfrog skeleton (D:6)
  An iguana (D:7)
  2 orc wizards
  A killer bee zombie (D:6)
  A hound zombie (D:5)
  5 gnolls
  14 adders
  An ufetubus (D:6)
  An adder zombie (D:5)
  An adder skeleton (D:4)
  2 dart slugs
  11 orcs
  11 ball pythons
  3 bats
  17 endoplasms
  10 giant cockroaches
  10 hobgoblins
  8 jackals
  18 kobolds
  21 quokkas
  13 frilled lizards
  4 goblins
  4 rats
177 creatures vanquished.

Vanquished Creatures (collateral kills)
  An orc wizard (D:6)
  A gnoll (D:7)
  A jackal (D:3)
  A ball python (D:3)
  A kobold (D:7)
  A rat (D:3)
6 creatures vanquished.

Vanquished Creatures (others)
  An ancestor (D:7)
  3 fungi (D:1)
  4 plants (D:1)
8 creatures vanquished.

Grand Total: 191 creatures vanquished

Notes
Turn   | Place    | Note
-------+----------+-------------------------------------------
     0 | D:1      | porpoise the Tengu Air Elementalist began the quest for the
                  | Orb.
     0 | D:1      | Reached XP level 1. HP: 10/10 MP: 4/4
   275 | D:1      | Reached XP level 2. HP: 12/15 MP: 4/6
   331 | D:1      | Learned a level 2 spell: Static Discharge
   936 | D:1      | Found a faded altar of an unknown god.
  1086 | D:1      | Reached XP level 3. HP: 19/19 MP: 7/7
  1938 | D:2      | Reached XP level 4. HP: 19/24 MP: 6/9
  2005 | D:2      | Reached skill level 5 in Air Magic
  2734 | D:3      | Found a glowing drain.
  2865 | Sewer    | Entered a sewer
  2875 | Sewer    | Gained mutation: Your magical nature lets you fly swiftly
                  | and evasively. [Tengu growth]
  2875 | Sewer    | Reached XP level 5. HP: 25/28 MP: 7/10
  3951 | Sewer    | Reached skill level 6 in Air Magic
  3951 | Sewer    | Reached XP level 6. HP: 14/32 MP: 6/12
  4424 | D:3      | Found an ancient bone altar of Kikubaaqudgha.
  4550 | D:3      | Learned a level 4 spell: Airstrike
  4574 | D:3      | Found an iron altar of Okawaru.
  4645 | D:3      | Reached skill level 5 in Conjurations
  5021 | D:3      | Found a runed translucent door.
  5024 | D:3      | Noticed Crazy Yiuf
  5252 | D:3      | Killed Crazy Yiuf
  5575 | D:4      | Found a hazy altar of Hepliaklqana.
  5613 | D:4      | Became a worshipper of Hepliaklqana the Forgotten
  5652 | D:4      | Found a staircase to the Ecumenical Temple.
  5669 | D:4      | Reached XP level 7. HP: 36/36 MP: 8/14
  5955 | D:4      | Found Joxtioc's Magic Scroll Shoppe.
  5965 | D:4      | Bought 3 scrolls of identify for 60 gold pieces
  5965 | D:4      | Bought a scroll of identify for 20 gold pieces
  5965 | D:4      | Bought a scroll of teleportation for 30 gold pieces
  6240 | D:4      | Reached skill level 7 in Air Magic
  6445 | D:5      | Entered Level 5 of the Dungeon
  7212 | D:5      | Reached skill level 1 in Fighting
  7212 | D:5      | Reached skill level 5 in Spellcasting
  7273 | D:5      | Reached * piety under Hepliaklqana
  7801 | D:6      | Reached XP level 8. HP: 38/40 MP: 9/16
  9224 | D:7      | Reached skill level 5 in Fighting
  9224 | D:7      | Reached skill level 5 in Dodging
  9469 | D:7      | Noticed a deep elf pyromancer
  9476 | D:7      | Reached skill level 1 in Evocations
  9481 | D:7      | Killed from afar by a deep elf pyromancer

Illustrated notes

Levels and vault maps discovered:
D:1:      minmay_arrival_glassed_features, layout_loops_ring,
          shapermc_ecumenical_altar_mp_ritualfount
D:2:      layout_loops_corners, chequers_jeans
D:3:      layout_rooms, okawaru_metal_pillars_1_2, kiku_gazebo_pond_becter,
          gup_sewer_entry_glass, uniq_crazy_yiuf_cottage
D:4:      layout_rooms, mainiacjoe_overflow_brackets, temple_pool_b,
          serial_shops, nicolae_lakefront_shop
D:5:      layout_gridville
D:6:      layout_rooms
D:7:      layout_rooms, hex_large, minmay_microvault

Skill      XL: |  1  2  3  4  5  6  7  8 |
---------------+-------------------------+-----
Conjurations   | 2 3 4 5 6 |  6.4
Air Magic      | 5 6 7 |  7.0
Spellcasting   | 3 4 5 |  5.0
Fighting       | 2 5 |  5.0
Dodging        | 3 5 |  5.0
Evocations     | 1 |  1.3
Stealth        | |  2.0

Action                   |  1- 3 |  4- 6 |  7- 9 || total
-------------------------+-------+-------+-------++-------
Melee: Unarmed           |     8 |       |       ||     8
       Kick              |     1 |       |       ||     1
       Peck              |     1 |       |       ||     1
       Short sword       |       |     6 |       ||     6
       Rapier            |       |       |     1 ||     1
 Fire: Hunting sling     |    33 |    89 |    82 ||   204
 Cast: Shock             |    43 |    64 |    42 ||   149
       Static Discharge  |     7 |    29 |    43 ||    79
       Airstrike         |       |       |     8 ||     8
Invok: Ancestor Identity |       |       |     1 ||     1
       Recall Ancestor   |       |       |     1 ||     1
  Use: Scroll            |       |     6 |     9 ||    15
       Potion            |       |       |     1 ||     1
Armor: Robe              |     5 |     6 |     9 ||    20
Dodge: Dodged            |    11 |    27 |    48 ||    86
Block: Other             |       |     7 |    11 ||    18
       Reflection        |       |       |     1 ||     1

Table legend: (Time is in decaauts)
 A = Elapsed time spent in this place.
 B = Non-inter-level travel time spent in this place.
 C = Inter-level travel time spent in this place.
 D = Time resting spent in this place.
 E = Time spent auto-exploring this place.
 F = Levels seen in this place.
 G = Mean time per level.
                   A        B        C        D        E       F      G
               +--------+--------+--------+--------+--------+-----+--------+
         Total |   9249 |   9084 |    165 |   4602 |   2841 |   8 | 1156.1 |
       Dungeon |   7867 |   7702 |    165 |   3664 |   2841 |   7 | 1123.9 |
         Sewer |   1382 |   1382 |      0 |    937 |      0 |   1 | 1382.0 |
               +--------+--------+--------+--------+--------+-----+--------+

Top non-repeatable levels by time:
     D:2: 1434 daAuts
   Sewer: 1382 daAuts
     D:3: 1350 daAuts
     D:5: 1291 daAuts
     D:1: 1246 daAuts
     D:6: 1085 daAuts
     D:4: 918 daAuts
     D:7: 540 daAuts
